 Dungeon Crawl Stone Soup version 0.28.0-45-g0d030f2227 (webtiles) character file.

Game seed: 4205542248098448521

127638 Peloso the Fencer (level 16, -5/159 HPs)
             Began as a Minotaur Fighter on Apr 13, 2022.
             Was the Champion of Okawaru.
             Slain by a wolf spider simulacrum (30 damage)
             ... on level 1 of the Spider Nest.
             The game lasted 01:25:20 (39252 turns).

Peloso the Fencer (Minotaur Fighter)               Turns: 39252, Time: 01:25:21

Health: -5/159     AC: 22    Str: 26    XL:     16   Next: 46%
Magic:  18/18      EV: 10    Int:  4    God:    Okawaru [******]
Gold:   2037       SH:  7    Dex: 13    Spells: 15/15 levels left

rFire   + . .      SeeInvis .   a - +5 double sword (flame)
rCold   . . .      Faith    .   R - +0 buckler
rNeg    + + .      Spirit   .   q - +3 plate armour {rF+}
rPois   +          Reflect  .   L - +0 hat of Loss {rN+}
rElec   .          Harm     .   u - +2 ratskin cloak {*Rats rPois rN+ Str-1 Int-1 Dex+1}
rCorr   +          Rampage  .   (no gloves)
Will    +....                   g - +0 pair of boots
Stlth   ..........              (no amulet)
HPRegen 0.36/turn               T - ring of poison resistance
MPRegen 0.16/turn               O - ring of resist corrosion

@: corroded, studying Summonings
A: horns 2, retaliatory headbutt
a: Renounce Religion, Heroism, Finesse, Duel


You were on level 1 of the Spider Nest.
You worshipped Okawaru.
Okawaru was exalted by your worship.
You visited 4 branches of the dungeon, and saw 24 of its levels.
You also visited: Ossuary.

You collected 2838 gold pieces.
You spent 801 gold pieces at shops.

Inventory:

Hand Weapons
 a - a +5 double sword of flaming (weapon)
 b - the +4 scimitar of Tender Mercy {vamp, rElec rF+ rN+++ rCorr}
   (Okawaru gifted it to you on level 6 of the Lair of Beasts)

   It occasionally heals its wielder for a portion of the damage dealt when it
   wounds a living foe.
   rF:        It protects you from fire.
   rElec:     It insulates you from electricity.
   rN:        It renders you almost immune to negative energy.
   rCorr:     It protects you from acid and corrosion.
 c - a +0 double sword of holy wrath
Missiles
 F - 3 throwing nets (quivered)
Armour
 g - a +0 pair of boots (worn)
 q - a +3 plate armour of fire resistance (worn)
 u - the +2 ratskin cloak (worn) {*Rats rPois rN+ Str-1 Int-1 Dex+1}
   (You found it on level 5 of the Dungeon)

   When the wearer is hurt, rats may emerge from it to assist them.
   Str:       It affects your strength (-1).
   Int:       It affects your intelligence (-1).
   Dex:       It affects your dexterity (+1).
   rPois:     It protects you from poison.
   rN:        It protects you from negative energy.
 L - the +0 hat of Loss (worn) {rN+}
   (Okawaru gifted it to you on level 8 of the Dungeon)

   rN:        It protects you from negative energy.
 Q - a +2 chain mail of willpower
 R - a +0 buckler (worn)
Jewellery
 p - a ring of see invisible
 O - a ring of resist corrosion (right hand)
 P - a +6 ring of strength
 S - a ring of protection from fire
 T - a ring of poison resistance (left hand)
 U - a ring of protection from cold
Wands
 k - a wand of digging (3)
 r - a wand of paralysis (13)
 H - a wand of flame (31)
Scrolls
 e - a scroll of torment {unknown}
 f - 5 scrolls of teleportation
 i - 2 scrolls of immolation
 n - 4 scrolls of magic mapping
 t - 4 scrolls of identify
 y - 7 scrolls of noise
 A - 3 scrolls of fear
Potions
 d - 3 potions of might
 h - 5 potions of haste
 l - 5 potions of curing
 m - 4 potions of flight
 w - 4 potions of berserk rage
 x - 2 potions of resistance


   Skills:
 + Level 18.5 Fighting
 + Level 19.3 Long Blades
 + Level 0.1 Throwing
 + Level 17.6 Armour
 + Level 6.7 Dodging
 + Level 3.0 Stealth
 + Level 14.1 Shields
 + Level 4.4 Invocations
 + Level 1.5 Evocations


You had 15 spell levels left.
You didn't know any spells.
Your spell library contained the following spells:

 Spells                   Type           Power      Damage    Failure   Level
 Beastly Appendage        Tmut           0%         N/A       98%         1
 Magic Dart               Conj           0%         1d3       98%         1
 Sandblast                Erth           0%         2d4       98%         1
 Ensorcelled Hibernation  Hex/Ice        0%         N/A       99%         2
 Passwall                 Tmut/Erth      0%         N/A       99%         2
 Sublimation of Blood     Necr           0%         N/A       99%         2
 Wereblood                Tmut           0%         N/A       99%         2
 Conjure Flame            Conj/Fire      0%         6-21      100%        3
 Gell's Gravitas          Tloc           0%         N/A       100%        3
 Ignite Poison            Fire/Tmut/Pois 0%         N/A       100%        3
 Lesser Beckoning         Tloc           0%         N/A       100%        3
 Mephitic Cloud           Conj/Pois/Air  0%         N/A       100%        3
 Spider Form              Tmut/Pois      0%         N/A       100%        3
 Stone Arrow              Conj/Erth      0%         3d7       100%        3
 Swiftness                Air            0%         N/A       100%        3
 Teleport Other           Tloc           0%         N/A       100%        3
 Sticky Flame             Conj/Fire      0%         2d3       100%        4
 Borgnjor's Vile Clutch   Necr/Erth      0%         N/A       100%        5
 Borgnjor's Revivificati  Necr           0%         N/A       100%        8
 Necromutation            Tmut/Necr      0%         N/A       100%        8
 Death's Door             Necr           0%         N/A       100%        9
 Call Imp                 Summ           Unusable   N/A       N/A         2
 Animate Dead             Necr           Unusable   N/A       N/A         4
 Death Channel            Necr           Unusable   N/A       N/A         6
 Summon Hydra             Summ           Unusable   N/A       N/A         7

Dungeon Overview and Level Annotations

Branches:
Dungeon (15/15)            Temple (0/1) D:5            Lair (6/6) D:9
  Swamp (0/4) Lair:2       Spider (1/4) Lair:3        Slime (0/5) Lair:6
    Orc (2/2) D:10            Elf (0/3) Orc:2        Vaults (0/5) D:13
 Depths (0/4) D:15        Ossuary (visited)

Altars:
Ashenzari
Elyvilon
Hepliaklqana
Kikubaaqudgha
Makhleb
Nemelex Xobeh
Okawaru
Ru
Trog
Uskayaw
Vehumet
Wu Jian
Xom
Yredelemnul
Beogh

Shops:
D:3 *   Orc:2 =(**!


Innate Abilities, Weirdness & Mutations

You have a pair of horns on your head.
You reflexively headbutt those who attack you in melee.


Message History

Okawaru accepts your kill.
A freezing mist starts to gather...
An entropy weaver simulacrum comes into view.
The wolf spider completely misses you. The wolf spider bites you.
Unknown command.
You cut the wolf spider into ribbons!!! You burn the wolf spider!
The wolf spider is almost dead.
The jumping spider leaps!
You block the wolf spider's attack. The wolf spider bites you!
You are poisoned.
The wolf spider poisons you!
Unknown command.
You hit the wolf spider. You burn the wolf spider.
You kill the wolf spider!
Okawaru accepts your kill.
A freezing mist starts to gather...
A wolf spider simulacrum comes into view.
You feel very sick.
The jumping spider leaps!
The orb spider begins to weave its threads into a brightly glowing ball.
You hit the entropy weaver simulacrum.
You melt the entropy weaver simulacrum.
The entropy weaver simulacrum is lightly damaged.
You feel very sick. The jumping spider closely misses you.
You furiously retaliate!
You headbutt the jumping spider!
The jumping spider bites you but does no damage.
The entropy weaver simulacrum hits you but does no damage. x4
The wolf spider simulacrum hits you but does no damage.
The wolf spider simulacrum bites you.
* * * LOW HITPOINT WARNING * * *
The wolf spider simulacrum freezes you!
* * * LOW HITPOINT WARNING * * *
Unknown command.
You feel better.
The jumping spider closely misses you. x2
The redback bites you.
* * * LOW HITPOINT WARNING * * *
The wolf spider simulacrum hits you.
* * * LOW HITPOINT WARNING * * *
The wolf spider simulacrum freezes you!!
You die...

.###...wys.###.
###.....^.ss### .
####......####)######
#.##.........^###.[.....
##.#...............^B....
...........s?.###........
#...........##.........
#...†.ss....##.........
#.....@....##..........
##....Zs..†##^.........
#......Z.#............
#........#............
#........#............
##$....^..............
#....##..............
#.#####....#......... #.
#.....###^....##


You could see an orb spider (charged), 2 jumping spiders, a redback, a wolf
spider simulacrum and an entropy weaver simulacrum.

Vanquished Creatures
  Jorgrun (Orc:2)
  Gastronok (Lair:2)
  Kirke (Lair:4)
  A very ugly thing (D:15)
  3 dire elephants (Lair:6)
  An entropy weaver (Spider:1)
  The ghost of CInkIbrahim the Impaler, a journeyman OpBe of Trog (D:10)
  A great orb of eyes (D:15)
  Fannar (D:12)
  2 rakshasas (D:15)
  A vault guard (D:13)
  Harold (D:9)
  6 boulder beetles
  8 hydras
  2 ogre magi
  A catoblepas (D:13)
  A two-headed ogre (shapeshifter) (D:15)
  A death knight (D:14)
  An anaconda (shapeshifter) (D:14)
  7 centaur warriors
  9 two-headed ogres
  8 death yaks
  8 slime creatures
  The ghost of H0rd4k the Thaumaturge, a journeyman DEWz of Gozag (D:14)
  Sonja (D:12)
  A soul eater (D:13)
  A spectral anaconda (Lair:6)
  2 pharaoh ants (Spider:1)
  2 steelbarb worms (Spider:1)
  2 sun moths (Spider:1)
  An orb spider (Spider:1)
  2 bog bodies (Lair:2)
  2 obsidian statues
  4 orc knights
  4 necromancers (Lair:6)
  4 deep elf pyromancers
  2 lindwurms
  2 phantasmal warriors (D:14)
  An orc sorcerer (Orc:1)
  5 oklob plants
  A manticore (D:14)
  16 ugly things
  4 wolf spiders (Spider:1)
  2 cyclopes
  A rust devil (D:13)
  16 elephants
  A black mamba (Lair:1)
  2 dire elephant zombies (Lair:6)
  Joseph (D:10)
  2 torpor snails
  A guardian serpent (D:14)
  4 gargoyles
  Psyche (D:8)
  18 cane toads
  A kobold demonologist (D:6)
  Maggie (D:7)
  2 demonic crawlers (Spider:1)
  3 efreet
  12 komodo dragons
  A hellwing (D:13)
  A dire elephant skeleton (Lair:6)
  6 rime drakes
  4 yaktaurs (D:15)
  A freezing wraith (D:14)
  An ice devil (D:13)
  5 tengu conjurers
  A queen bee (Lair:2)
  5 trolls
  6 meliai (Spider:1)
  5 polar bears
  A queen bee (shapeshifter) (D:13)
  A blink frog (shapeshifter) (D:15)
  14 blink frogs
  3 spectral elephants (Lair:6)
  A hornet (D:8)
  5 tarantellas
  A meliai zombie (D:10)
  A shadow (D:11)
  A culicivora (Spider:1)
  9 wyverns
  47 yaks
  7 humans (Lair:4)
  A wraith (D:14)
  11 basilisks
  3 redbacks (Spider:1)
  3 steam dragons
  5 vampire mosquitoes
  A chaos spawn (D:13)
  A warg (Orc:2)
  3 acid dragons
  3 swamp worms (Lair:2)
  19 water moccasins
  2 black bears
  An ice beast (D:6)
  30 orc warriors
  4 sky beasts
  2 elephant zombies (Lair:6)
  2 necrophages (D:6)
  32 wolves
  10 ogres
  2 elephant skeletons (Lair:6)
  18 centaurs
  3 phantoms
  11 bullfrogs
  4 kobold brigands
  A gnoll sergeant (D:10)
  An elf skeleton (D:8)
  3 scorpions (D:6)
  A wyvern skeleton (D:6)
  A water moccasin skeleton (D:5)
  45 killer bees
  5 wights
  3 howler monkeys (D:12)
  2 electric eels
  8 jellies
  4 quasits (D:13)
  2 human zombies
  7 orc priests
  7 centaur zombies
  3 gnoll shamans
  6 bullfrog skeletons
  10 hounds
  2 centaur skeletons
  2 iguanas
  An iron imp (D:13)
  18 hell rats
  2 human skeletons (D:8)
  6 orc wizards
  2 killer bee zombies
  5 ogre zombies (Ossuary)
  2 hound skeletons
  7 mummies (Ossuary)
  A howler monkey skeleton (D:4)
  24 gnolls
  21 river rats (D:5)
  2 adders (D:4)
  3 shadow imps
  3 white imps
  3 ufetubi
  4 adder zombies (Ossuary)
  A dart slug (D:1)
  63 orcs
  A bat (D:1)
  4 endoplasms
  4 giant cockroaches
  A gnoll zombie (Ossuary)
  3 goblins
  12 hobgoblins
  12 kobolds
  4 quokkas
  8 ball pythons
  5 frilled lizards
  3 goblin zombies (Ossuary)
  4 hobgoblin zombies (Ossuary)
  4 kobold zombies (Ossuary)
  2 orc zombies (D:8)
  5 quokka zombies (Ossuary)
  A rat (D:2)
  3 rat zombies (Ossuary)
848 creatures vanquished.

Vanquished Creatures (others)
  29 fungi
  65 plants
  26 withered plants (Lair:6)
120 creatures vanquished.

Grand Total: 968 creatures vanquished

Notes
Turn   | Place    | Note
-------+----------+-------------------------------------------
     0 | D:1      | Peloso the Minotaur Fighter began the quest for the Orb.
     0 | D:1      | Reached XP level 1. HP: 19/19 MP: 0/0
   211 | D:1      | Reached XP level 2. HP: 27/27 MP: 1/1
   698 | D:2      | Found a faded altar of an unknown god.
  1232 | D:3      | Reached XP level 3. HP: 29/33 MP: 2/2
  1307 | D:3      | Found Sarrin's General Store.
  1315 | D:3      | Bought a potion of curing for 36 gold pieces
  1315 | D:3      | Bought a scroll of teleportation for 36 gold pieces
  1423 | D:3      | Reached skill level 3 in Long Blades
  1423 | D:3      | Reached XP level 4. HP: 31/40 MP: 3/3
  1723 | D:3      | Reached skill level 4 in Long Blades
  1723 | D:3      | Reached XP level 5. HP: 45/47 MP: 4/4
  1728 | D:3      | Reached skill level 5 in Armour
  2307 | D:4      | Found an iron altar of Okawaru.
  2434 | D:4      | Became a worshipper of Warmaster Okawaru
  2480 | D:4      | Reached skill level 5 in Long Blades
  2480 | D:4      | Reached skill level 1 in Dodging
  2480 | D:4      | Reached XP level 6. HP: 48/53 MP: 5/5
  2794 | D:4      | Found a bloodstained altar of Trog.
  2794 | D:4      | Found a white marble altar of Elyvilon.
  2800 | D:4      | Reached skill level 5 in Fighting
  2800 | D:4      | Reached skill level 6 in Long Blades
  2800 | D:4      | Reached XP level 7. HP: 15/61 MP: 6/6
  3033 | D:4      | Found a hide-covered altar of Uskayaw.
  3035 | D:4      | Found a burning altar of Makhleb.
  3037 | D:4      | Found an ancient bone altar of Kikubaaqudgha.
  3545 | D:5      | Entered Level 5 of the Dungeon
  3693 | D:5      | Reached * piety under Okawaru
  3778 | D:5      | Found a staircase to the Ecumenical Temple.
  3823 | D:5      | Reached skill level 5 in Shields
  4046 | D:5      | Reached skill level 7 in Long Blades
  4412 | D:5      | Found a radiant altar of Vehumet.
  4610 | D:5      | Reached XP level 8. HP: 67/70 MP: 7/7
  4776 | D:5      | Reached skill level 8 in Long Blades
  5011 | D:5      | Found the +2 ratskin cloak {*Rats rPois rN+ Str-1 Int-1
                  | Dex+1}
  5174 | D:6      | Reached ** piety under Okawaru
  5342 | D:6      | Found a broken altar of Ashenzari.
  5343 | D:6      | Found a hazy altar of Hepliaklqana.
  5430 | D:6      | Reached skill level 9 in Long Blades
  5626 | D:6      | Identified the ring "Hodemum" {EV+4 Int+2}
  5838 | D:6      | Reached XP level 9. HP: 71/78 MP: 8/8
  6468 | D:6      | Reached skill level 10 in Long Blades
  6469 | D:6      | Reached *** piety under Okawaru
  6510 | D:6      | Reached skill level 1 in Invocations
  6606 | D:6      | Noticed a kobold demonologist
  6620 | D:6      | Noticed a sixfirhy
  6627 | D:6      | Killed a kobold demonologist
  6628 | D:6      | Reached skill level 11 in Long Blades
  7465 | D:7      | Noticed Maggie
  7475 | D:7      | Killed Maggie
  7475 | D:7      | Reached **** piety under Okawaru
  7598 | D:7      | Reached XP level 10. HP: 89/89 MP: 9/9
  7873 | D:8      | Noticed Psyche
  7913 | D:8      | Killed Psyche
  8045 | D:8      | Reached skill level 12 in Long Blades
  8213 | D:8      | Found a sand-covered staircase.
  8226 | Ossuary  | Entered an ossuary
  8860 | D:8      | Found a hazy altar of Hepliaklqana.
  9292 | D:8      | Found an ornate altar of the Wu Jian Council.
  9494 | D:9      | Noticed a two-headed ogre
  9531 | D:9      | Noticed a gargoyle
  9657 | D:8      | Reached skill level 13 in Long Blades
  9830 | D:8      | Killed a gargoyle
  9949 | D:9      | Reached ***** piety under Okawaru
 10202 | D:9      | Found a staircase to the Lair.
 10232 | D:9      | Reached skill level 1 in Stealth
 10252 | D:9      | Found a shimmering altar of Xom.
 10420 | D:9      | Found a basalt altar of Yredelemnul.
 10486 | D:9      | Reached XP level 11. HP: 96/97 MP: 11/11
 10574 | D:9      | Killed a two-headed ogre
 10575 | D:9      | Reached skill level 10 in Armour
 10732 | D:10     | Entered Level 10 of the Dungeon
 10732 | D:10     | Noticed Harold
 11087 | D:8      | Identified the +0 hat of Loss {rN+} (Okawaru gifted it to
                  | you on level 8 of the Dungeon)
 11087 | D:8      | Received a gift from Okawaru
 11475 | D:10     | Found a staircase to the Orcish Mines.
 11504 | D:10     | Noticed a two-headed ogre
 11514 | D:10     | Killed a two-headed ogre
 11631 | D:10     | Noticed Joseph
 11653 | D:10     | Killed Joseph
 11953 | D:10     | Reached skill level 10 in Fighting
 12234 | D:10     | Found a sparkling altar of Nemelex Xobeh.
 12269 | D:10     | Noticed an oklob plant
 12271 | D:10     | Noticed CInkIbrahim's ghost (journeyman OpBe)
 12289 | D:10     | Found a transporter.
 12295 | D:10     | Found a transporter.
 12432 | D:10     | Found a sacrificial altar of Ru.
 12775 | D:11     | Noticed an orc knight
 12810 | D:10     | Killed an orc knight
 12811 | D:10     | Reached skill level 14 in Long Blades
 13635 | D:11     | Noticed a boulder beetle
 13661 | D:11     | Killed a boulder beetle
 14322 | Lair:1   | Entered Level 1 of the Lair of Beasts
 14870 | D:9      | Killed Harold
 15022 | Lair:1   | Reached XP level 12. HP: 110/110 MP: 13/13
 15917 | Lair:2   | Noticed Gastronok
 16174 | Lair:2   | Killed Gastronok
 16175 | Lair:2   | Reached skill level 5 in Dodging
 16381 | Lair:2   | Received a gift from Okawaru
 16751 | Lair:2   | Noticed a six-headed hydra
 16758 | Lair:2   | Killed a two-headed hydra
 16759 | Lair:2   | Reached skill level 15 in Long Blades
 17550 | Lair:2   | Found a staircase to the Swamp.
 18130 | Lair:2   | Received a gift from Okawaru
 18618 | Lair:2   | Reached XP level 13. HP: 91/122 MP: 11/14
 19536 | Lair:3   | Reached skill level 10 in Shields
 19646 | Lair:3   | Found a hole to the Spider Nest.
 20423 | Lair:4   | Noticed Kirke
 20434 | Lair:4   | Killed Kirke
 20486 | Lair:4   | Identified the +4 long sword "Fyopemn" {freeze, Will+ Str+5
                  | Int-3} (Okawaru gifted it to you on level 4 of the Lair of
                  | Beasts)
 20486 | Lair:4   | Received a gift from Okawaru
 21308 | Lair:4   | Reached skill level 16 in Long Blades
 21734 | Lair:4   | Identified the +10 longbow of the Key {vorpal, rC+}
                  | (Okawaru gifted it to you on level 4 of the Lair of Beasts)
 21734 | Lair:4   | Received a gift from Okawaru
 23057 | D:12     | Noticed Fannar
 23066 | D:12     | Killed Fannar
 23598 | D:12     | Noticed Sonja
 23608 | D:12     | Killed Sonja
 23609 | D:12     | Reached skill level 1 in Evocations
 23746 | Orc:1    | Entered Level 1 of the Orcish Mines
 24137 | Orc:2    | Entered Level 2 of the Orcish Mines
 24218 | Orc:2    | Found Abrim's Jewellery Boutique.
 24268 | Orc:2    | Found a staircase to the Elven Halls.
 24876 | Orc:2    | Reached XP level 14. HP: 96/133 MP: 15/15
 25671 | Orc:2    | Found Eluniurch's Assorted Antiques.
 25671 | Orc:2    | Found Jeusaci's Assorted Antiques.
 25673 | Orc:2    | Found Vyahir's Antique Weapon Shoppe.
 25675 | Orc:2    | Found Erastunn's Distillery.
 25681 | Orc:2    | Bought a potion of heal wounds for 75 gold pieces
 25711 | Orc:2    | Bought a scroll of magic mapping for 77 gold pieces
 25711 | Orc:2    | Bought a murky yellow potion for 19 gold pieces
 25717 | Orc:2    | Bought a glowing double sword for 558 gold pieces
 25946 | Orc:2    | Noticed Jorgrun
 26563 | Orc:2    | Killed Jorgrun
 27180 | D:13     | Found a gate to the Vaults.
 27752 | D:13     | Identified the +0 ring mail "Ateol" {Str+4} (Okawaru gifted
                  | it to you on level 13 of the Dungeon)
 27752 | D:13     | Received a gift from Okawaru
 27929 | D:13     | Reached skill level 15 in Fighting
 28399 | D:13     | Reached skill level 15 in Armour
 29107 | Lair:4   | Reached skill level 17 in Long Blades
 30614 | Lair:6   | Entered Level 6 of the Lair of Beasts
 31155 | Lair:6   | Identified the +4 scimitar of Tender Mercy {vamp, rElec rF+
                  | rN+++ rCorr} (Okawaru gifted it to you on level 6 of the
                  | Lair of Beasts)
 31155 | Lair:6   | Received a gift from Okawaru
 31178 | Lair:6   | Reached ****** piety under Okawaru
 31684 | Lair:6   | Reached XP level 15. HP: 127/144 MP: 17/17
 32031 | Lair:6   | Found a white marble altar of Elyvilon.
 32079 | Lair:6   | Identified the +2 robe of Words of Power {Regen+ Stlth+}
                  | (Okawaru gifted it to you on level 6 of the Lair of Beasts)
 32079 | Lair:6   | Received a gift from Okawaru
 32080 | Lair:6   | Found a staircase to the Slime Pits.
 33576 | Lair:6   | Reached skill level 18 in Long Blades
 33591 | Lair:6   | Identified the ring "Viqogg" {MP+9 Int+3}
 34077 | D:10     | Killed CInkIbrahim's ghost
 34338 | D:14     | Found a large runed translucent door.
 34341 | D:14     | Found a large runed translucent door.
 34343 | D:14     | Noticed H0rd4k's ghost (journeyman DEWz)
 34343 | D:14     | Found the +9 staff of Wucad Mu {*channel}
 35317 | D:14     | Identified the +4 demon blade of Yleudas {spect, Fragile
                  | rCorr Int+6} (Okawaru gifted it to you on level 14 of the
                  | Dungeon)
 35317 | D:14     | Received a gift from Okawaru
 35600 | D:14     | Killed H0rd4k's ghost
 35649 | D:15     | Entered Level 15 of the Dungeon
 36031 | D:15     | Reached XP level 16. HP: 125/157 MP: 18/18
 36935 | D:15     | Received a gift from Okawaru
 37165 | D:15     | Reached skill level 19 in Long Blades
 37176 | D:15     | Found a staircase to the Depths.
 37906 | Spider:1 | Entered Level 1 of the Spider Nest
 39252 | Spider:1 | Slain by a wolf spider simulacrum

Illustrated notes

Levels and vault maps discovered:
D:1:      dpeg_arrival_windows_large_door, layout_loops_ring,
          minmay_misc_feat_secret_circle
D:2:      layout_rooms, hellmonk_ecumenical_altar_lost_god, item_on_display_a
D:3:      layout_loops_ring, serial_shops, nicolae_shop_statue_plus
D:4:      layout_cave_pods, chequers_temple_overflow_minitemple,
          kennysheep_mini, st_stairs_7
D:5:      wander_guarded_unrand_ratskin, layout_basic,
          nicolae_vehumet_altar_sigil, minmay_temple_entry_statues,
          feat_on_display
D:6:      layout_basic, gammafunk_temple_overflow_statue, minmay_joined_circles
D:7:      layout_loops_ring, uniq_maggie
D:8:      layout_loops_ring, mainiacjoe_overflow_surrounded_room,
          nicolae_ossuary_entry_catacombs, minmay_ruined_shrine, uniq_psyche
D:9:      layout_rooms, mainiacjoe_overflow_catwalk_spiral, erik_lair_island
D:10:     layout_gridville, nemelex_diamond_rough_becter, hangedman_ru_absence,
          orc_0_dummy, nzn_ghost_randoct, corner_web_ring, uniq_joseph,
          uniq_harold
D:11:     layout_basic, special_room [special_room_orc]
D:12:     layout_roguey, uniq_sonja, uniq_fannar
D:13:     layout_irregular_city, david_vaults_5, hangedman_devilish_allure
D:14:     layout_loops_corners, ebering_ghost_disaster_area,
          nrook_guardian_serpent_double
D:15:     gammafunk_enter_depths_forms, layout_irregular_city,
          serial_bayou_lagoon_a
Lair:1:   layout_hall_layers, beast_lair_carwin_6
Lair:2:   hangedman_what_comes_after_a, layout_chaotic_city,
          nicolae_swamp_entry_splash_gauntlet, st_stairs_3, uniq_gastronok
Lair:3:   layout_cave_pods, spider_nest_entry_rubble
Lair:4:   layout_gridlike, minivault_11, serial_bayou_shore_b,
          grunt_megastairs_1, uniq_kirke
Lair:5:   layout_roguey, nzn_sisyphean_effort
Lair:6:   due_jungle_book, layout_misc_corridors, minmay_slime_entry_pillars,
          basic_altar, grunt_megastairs_2
Spider:1: layout_chambers, drop_trap, nicolae_spider_scorpion_nest
Orc:1:    layout_caves
Orc:2:    st_orc_rangers, layout_diamond_mine, serial_shops,
          nicolae_diamond_shop, uniq_jorgrun

Skill      XL: |  1  2  3  4  5  6  7  8  9 10 11 12 13 14 15 16 |
---------------+-------------------------------------------------+-----
Shields        | 4 5 6 7 8 9 11 12 13 14 | 14.1
Fighting       | 4 5 6 8 9 11 13 14 16 17 18 | 18.5
Armour         | 4 5 6 7 8 9 11 13 14 15 17 | 17.6
Long Blades    | 3 4 5 6 7 9 11 13 14 15 16 17 18 19 | 19.3
Dodging        | 1 2 3 4 5 6 |  6.7
Invocations    | 1 2 3 4 |  4.4
Stealth        | 1 2 3 |  3.0
Evocations     | 1 |  1.5
Throwing       | |  0.1

Action                   |  1- 3 |  4- 6 |  7- 9 | 10-12 | 13-15 | 16-18 || total
-------------------------+-------+-------+-------+-------+-------+-------++-------
Melee: Long sword        |    61 |   108 |   446 |   915 |    82 |       ||  1612
       Headbutt          |    13 |    21 |    90 |   206 |   344 |    60 ||   734
       Unarmed           |       |       |       |     1 |       |       ||     1
       Double sword      |       |       |       |     7 |  1057 |   190 ||  1254
       Scimitar          |       |       |       |       |   172 |       ||   172
Throw: Throwing net      |       |       |     1 |       |       |       ||     1
Invok: Heroism           |       |       |     9 |    33 |    17 |     1 ||    60
Evoke: Wand              |       |       |       |     1 |    13 |    13 ||    27
  Use: Scroll            |     4 |       |     2 |     7 |    24 |     3 ||    40
       Potion            |       |       |     2 |     2 |     6 |     5 ||    15
 Stab: Held in net/web   |       |       |     1 |       |       |       ||     1
       Paralysed         |       |       |       |       |     1 |       ||     1
Armor: Scale mail        |     4 |       |       |       |       |       ||     4
       Chain mail        |     8 |    58 |   183 |   310 |   194 |       ||   753
       Plate armour      |       |       |       |       |   437 |   125 ||   562
Dodge: Dodged            |    17 |    35 |   147 |   524 |   839 |    75 ||  1637
Block: Buckler           |    14 |    23 |    86 |   227 |   503 |    69 ||   922
